 Dungeon Crawl Stone Soup version 0.25-a0-589-g1e14c549ee (webtiles) character file.

Game seed: 11204370180119435820, levelgen mode: deterministic

107 Amnekian the Sneak (level 4, -1/36 HPs)
             Began as a Naga Fire Elementalist on Mar 10, 2020.
             Slain by an adder skeleton (2 damage)
             ... on level 4 of the Dungeon on Apr 7, 2024.
             The game lasted 00:15:08 (2707 turns).

Amnekian the Sneak (Naga Fire Elementalist)         Turns: 2707, Time: 00:15:09

Health: -1/36      AC:  3    Str: 11    XL:     4   Next: 86%
Magic:  7/7        EV: 10    Int: 16    God:
Gold:   160        SH:  0    Dex: 11    Spells: 6/7 levels left

rFire    . . .     SeeInvis +   (no weapon)
rCold    . . .     Gourm    .   (no shield)
rNeg     . . .     Faith    .   a - +0 robe
rPois    +         Spirit   .   (no helmet)
rElec    .         Reflect  .   r - +0 cloak
rCorr    .         Harm     .   (no gloves)
MR       .....                  (no barding)
Stlth    +++.......             (no amulet)
HPRegen  0.12/turn              (no ring)
MPRegen  0.10/turn              (no ring)

@: very slow
A: large, see invisible, deformed body, poison resistance, slowness 2, slow
metabolism 1, spit poison 1, AC +1
a: Spit Poison


You were on level 4 of the Dungeon.
You were not hungry.

You visited 1 branch of the dungeon, and saw 4 of its levels.

You collected 160 gold pieces.

Inventory:

Hand Weapons
 l - a +0 dagger
Missiles
 d - 11 poisoned darts
 g - 103 stones (quivered)
 u - 3 boomerangs
Armour
 a - a +0 robe (worn)
 f - a +0 ring mail
 k - a +0 chain mail of fire resistance
 r - a +0 cloak (worn)
Jewellery
 j - an uncursed ring of see invisible {unknown}
 n - an uncursed ring of fire {unknown}
 v - a +3 ring of dexterity {unknown}
Scrolls
 b - 2 scrolls of enchant armour {unknown}
 e - 2 scrolls of identify {unknown}
 h - a scroll of random uselessness {unknown}
 i - 2 scrolls of fog {unknown}
 m - a scroll of blinking {unknown}
 o - a scroll of magic mapping {unknown}
 q - a scroll of remove curse {unknown}
Potions
 p - a potion of cancellation {unknown}
 s - a potion of curing {unknown}
 w - a potion of brilliance {unknown}
 x - a potion of magic {unknown}
 z - a potion of lignification {unknown}
Comestibles
 c - 10 rations
 t - 2 chunks of flesh


   Skills:
 - Level 1.5 Dodging
 - Level 6.0 Stealth
 - Level 2.0 Spellcasting
 - Level 1.0 Conjurations
 * Level 4.2 Fire Magic


You had 6 spell levels left.
You knew the following spells:

 Your Spells              Type           Power        Failure   Level  Hunger
a - Foxfire               Conj/Fire      ##..         7%          1    #......

Your spell library contained the following spells:

 Spells                   Type           Power        Failure   Level  Hunger
 Conjure Flame            Conj/Fire      ##......     22%         3    ###....
 Inner Flame              Hex/Fire       #.......     26%         3    ###....
 Sticky Flame             Conj/Fire      ##......     56%         4    #####..
 Fireball                 Conj/Fire      ##........   89%         5    ######.


Dungeon Overview and Level Annotations

Branches:
Dungeon (4/15)
 Temple: D:4-7

Altars:
Cheibriados
Uskayaw


Innate Abilities, Weirdness & Mutations

You cannot wear boots.
Your serpentine skin is tough. (AC +1)
You have supernaturally acute eyesight. (SInv)
Armour fits poorly on your strangely shaped body.
Your system is resistant to poisons. (rPois)
You cover ground very slowly.
You have a slow metabolism.
You can spit poison.


Message History

The adder skeleton closely misses you. The adder skeleton bites you.
The adder skeleton barely misses you. The adder skeleton bites you.
* * * LOW HITPOINT WARNING * * *
The adder skeleton bites you.
* * * LOW HITPOINT WARNING * * *
The adder skeleton bites you.
* * * LOW HITPOINT WARNING * * *
The adder skeleton bites you.
* * * LOW HITPOINT WARNING * * *
The adder skeleton bites you but does no damage.
The adder skeleton closely misses you. The adder skeleton bites you.
* * * LOW HITPOINT WARNING * * *
The adder skeleton barely misses you. The adder skeleton bites you.
Incompatible bones file: /crawl-master/crawl-git/saves/bones/bones.store.D-4 Clearing bad bones file: /crawl-master/crawl-git/saves/bones/bones.store.D-4 You die...

#.#....## #
#.#.#...##.
#.#..#.... #.#.#.#.#
#.<..#.# .
#.#.#.####.#
...######.#<........
._....Z....[.......#
..###(@#######...##
#.## ..# #. .# #. #
#. .. ##


You could see an adder skeleton.

Vanquished Creatures
  An orc wizard (D:3)
  2 adders
  2 worms (D:3)
  2 leopard geckos (D:1)
  4 orcs
  A ball python (D:2)
  3 bats
  A giant cockroach (D:1)
  6 goblins
  6 hobgoblins
  4 jackals (D:1)
  A frilled lizard (D:1)
  6 kobolds
  7 rats
46 creatures vanquished.

Vanquished Creatures (others)
  83 foxfires
83 creatures vanquished.

Grand Total: 129 creatures vanquished

Notes
Turn   | Place    | Note
-------+----------+-------------------------------------------
     0 | D:1      | Amnekian the Naga Fire Elementalist began the quest for the
                  | Orb.
     0 | D:1      | Reached XP level 1. HP: 15/15 MP: 3/3
   459 | D:1      | Reached skill level 4 in Stealth
   459 | D:1      | Reached XP level 2. HP: 22/22 MP: 3/5
   748 | D:1      | Reached skill level 5 in Stealth
   911 | D:1      | Reached XP level 3. HP: 28/28 MP: 6/6
  1589 | D:2      | Reached skill level 6 in Stealth
  2013 | D:3      | Reached XP level 4. HP: 36/36 MP: 2/7
  2513 | D:3      | Found a hide-covered altar of Uskayaw.
  2668 | D:4      | Found a snail-covered altar of Cheibriados.
  2705 | D:4      | HP: 1/36 [adder skeleton (2)]
  2707 | D:4      | Slain by an adder skeleton

Levels and vault maps discovered:
D:1:      lemuel_arrival_river_ford, layout_basic
D:2:      layout_loops_ring
D:3:      layout_basic, eat_drink_and_be_merry_uskayaw, first_ration,
          hangedman_decor_growths
D:4:      layout_loops_ring, cheibriados_altar_1, chequers_ossuary_entry_cave,
          grunt_dithmenos_shadows, uniq_robin, uniq_eustachio

Skill      XL: |  1  2  3  4 |
---------------+-------------+-----
Stealth        | 4 5 6 |  6.0
Fire Magic     | 4 |  4.2
Dodging        | |  1.5
Spellcasting   | |  2.0
Conjurations   | |  1.0

Action                   |  1- 3 |  4- 6 || total
-------------------------+-------+-------++-------
Melee: Unarmed           |    21 |     2 ||    23
Throw: Dart              |    19 |       ||    19
       Stone             |    18 |     2 ||    20
 Cast: Foxfire           |    34 |    18 ||    52
 Abil: Spit Poison       |     6 |     2 ||     8
  Use: Potion            |     2 |       ||     2
  Eat: Chunk             |     3 |     2 ||     5
Armor: Robe              |     8 |    13 ||    21
Dodge: Dodged            |    40 |    27 ||    67

Table legend:
 A = Non-vault XP
 B = Vault XP
 C = Vault XP percentage of total XP
 D = Non-vault monster count
 E = Vault monster count
 F = Vault count percentage of total count
                 A         B        C        D         E       F
            +---------+---------+-------+---------+---------+-------
      Total |     154 |       0 |   0.0 |      46 |       0 |   0.0
            +---------+---------+-------+---------+---------+-------
        D:1 |      35 |       0 |   0.0 |      19 |       0 |   0.0
        D:2 |      35 |       0 |   0.0 |      12 |       0 |   0.0
        D:3 |      84 |       0 |   0.0 |      15 |       0 |   0.0
            +---------+---------+-------+---------+---------+-------
